 Dungeon Crawl Stone Soup version 0.20.1-1-g8b1a95d (webtiles) character file.

11230 poirepourri the Basher (level 11, -14/63 HPs)
             Began as a Gargoyle Fighter on July 17, 2017.
             Was the Champion of Cheibriados.
             Killed from afar by an ice dragon (27 damage)
             ... with a blast of cold
             ... on level 11 of the Dungeon.
             The game lasted 00:14:49 (10486 turns).

poirepourri the Basher (Gargoyle Fighter)          Turns: 10486, Time: 00:14:50

Health: -14/63     AC: 24    Str: 35    XL:     11   Next: 74%
Magic:  2/11       EV: 14    Int: 24    God:    Cheibriados [******]
Gold:   587        SH: 15    Dex: 27    Spells: 10/10 levels left

rFire    . . .     SeeInvis .   q - +2 flail (crush)
rCold    . . .     Gourm    +   c - +0 shield
rNeg     + . .     Faith    .   b - +0 scale mail
rPois    ∞         Spirit   .   g - +1 helmet
rElec    +         Reflect  .   M - +2 cloak {MR+}
rCorr    .         Harm     .   (no gloves)
MR       ++...                  f - +2 pair of boots
Stlth    +.........             w - amulet of the gourmand
Regen    0.2/turn               k - ring of protection from magic
MPRegen  0.2/turn               H - +2 ring of protection

@: very slow
A: negative energy resistance 1, electricity resistance, unbreathing,
petrification resistance, rot immunity, AC +7
a: Bend Time, Temporal Distortion, Slouch, Step From Time, Renounce Religion


You were on level 11 of the Dungeon.
You worshipped Cheibriados.
Cheibriados was exalted by your worship.
You were hungry.

You visited 2 branches of the dungeon, and saw 12 of its levels.
You also visited: Ossuary.

You collected 587 gold pieces.

Inventory:

Hand Weapons
 j - a +2 flail of holy wrath
 q - a +2 flail of crushing (weapon)
Missiles
 p - 2 throwing nets (quivered)
 t - 31 tomahawks
 x - 92 bolts
Armour
 b - a +0 scale mail (worn)
 c - a +0 shield (worn)
 f - a +2 pair of boots (worn)
 g - a +1 helmet (worn)
 M - a +2 cloak of magic resistance (worn)
 P - a +1 helmet
Jewellery
 k - a ring of protection from magic (left hand)
 s - an uncursed ring of resist corrosion
 w - an amulet of the gourmand (around neck)
 H - a +2 ring of protection (right hand)
 I - an uncursed ring of stealth
 Q - a cursed ring of loudness {unknown}
Wands
 a - a wand of polymorph (13/24)
 d - a wand of flame (19/48)
 l - a wand of polymorph (24/24)
 N - a wand of lightning (2/15)
Scrolls
 i - a scroll of amnesia
 u - 4 scrolls of remove curse
 y - a scroll of recharging
 C - 2 scrolls of teleportation
 K - 2 scrolls of fog
Potions
 e - a potion of curing
 h - 4 potions of flight
 n - 5 potions of lignification
 r - a potion of magic
 z - 5 potions of brilliance
 A - 3 potions of mutation
 B - a potion of agility
 D - a potion of cancellation
 E - a potion of ambrosia
 G - 2 potions of resistance
 J - 3 potions of haste
Books
 O - a book of Maledictions

   Spells                             Type                      Level
   a - Corona                         Hexes                        1
   b - Ensorcelled Hibernation        Hexes/Ice                    2
   c - Confuse                        Hexes                        3
   d - Tukima's Dance                 Hexes                        3
   e - Dazzling Spray                 Conjuration/Hexes            3
Comestibles
 m - 7 bread rations
 o - 6 meat rations
 F - 5 royal jellies
 L - 7 fruits


   Skills:
 - Level 5.1 Fighting
 - Level 14.2 Maces & Flails
 - Level 3.2 Armour
 - Level 5.2 Dodging
 + Level 9.5 Shields


You had 10 spell levels left.
You didn't know any spells.

Dungeon Overview and Level Annotations

Branches:
Dungeon (11/15)            Temple (1/1) D:4            Lair (0/6) D:9
    Orc (0/2) D:9

Altars:
Ashenzari
Cheibriados
Dithmenos
Elyvilon
Fedhas
Gozag
Hepliaklqana
Kikubaaqudgha
Makhleb
Nemelex Xobeh
Okawaru
Qazlal
Ru
Sif Muna
Trog
Uskayaw
Vehumet
Xom
Yredelemnul
Zin
The Shining One


Innate Abilities, Weirdness & Mutations

You are resistant to torment.
Your stone body is resilient. (AC +7)
You are immune to poison.
You resist negative energy. (rN+)
You are resistant to electric shocks. (rElec)
You can survive without breathing.
You are immune to petrification.
You are immune to rotting.


Message History

You hit the ice dragon but do no damage.
The ice dragon is heavily wounded.
The ice dragon bites you but does no damage.
The ice dragon claws you.
* * * LOW HITPOINT WARNING * * *
The ice dragon closely misses you.
Okay, then.
You feel better.
The ice beast hits you but does no damage.
You block the ice beast's attack. You block the ice dragon's attack.
The ice dragon claws you but does no damage.
The ice dragon tramples you but does no damage.
You feel better. You block the ice beast's attack.
You block the ice dragon's attack. x2; The ice dragon tramples you!
* * * LOW HITPOINT WARNING * * *
You stumble backwards!
You feel better. The ice dragon breathes frost at you.
The blast of cold hits you!
You die...

#. #.. # ######+
#... .. ......
#... .#. ....#
#..# .... #..#
#..#
.>...#..##...#.::
#.....@DYY....:#
##.####'##Y..#./:
...#.....##..#
...####'####..#
#.......# #...
#.......####...
#.......#.# #..
#.......'.# #.
#.......#.#


You could see an ice dragon and 3 ice beasts.

Vanquished Creatures
  The ghost of Rhok the Severer, a journeyman MiBe of Trog (D:11)
  Erolcha (D:10)
  The ghost of Paps the Thaumaturge, a novice DEWz of Dithmenos (D:7)
  A cyclops (D:10)
  A deep elf mage (D:7)
  Joseph (D:8)
  Maurice (D:8)
  The ghost of Agrougrou the Chopper, a novice DsMo (D:9)
  A rime drake (D:11)
  A troll (D:9)
  Grinder (D:4)
  2 hippogriffs
  A spriggan (D:9)
  The ghost of Paps the Magician, an amateur DEWz (Ossuary)
  A water moccasin (D:10)
  2 sky beasts
  4 orc warriors
  5 ice beasts
  12 ogres
  2 phantoms
  A centaur (D:9)
  A crocodile (D:8)
  4 bullfrogs
  6 big kobolds
  4 gnoll sergeants
  Dowan (D:4)
  2 scorpions
  6 killer bees (D:10)
  6 wights
  An electric eel (D:6)
  8 howler monkeys
  A centaur zombie (D:7)
  A crimson imp (D:9)
  5 orc priests
  9 hounds
  A jelly (D:5)
  A quasit (D:6)
  8 orc wizards
  2 bullfrog skeletons
  A gnoll shaman (D:6)
  Jessica (D:2)
  Natasha (twice) (D:4)
  6 iguanas
  9 worker ants
  A big kobold zombie (Ossuary)
  A hound zombie (D:6)
  5 mummies (Ossuary)
  A worker ant zombie (D:9)
  11 adders
  14 gnolls
  A shadow imp (D:6)
  2 adder zombies
  5 worms
  2 dart slugs
  10 leopard geckos
  30 orcs
  7 bats
  A giant cockroach (D:1)
  A gnoll zombie (Ossuary)
  15 goblins
  13 hobgoblins
  11 jackals
  22 kobolds
  4 quokkas
  7 frilled lizards
  4 goblin zombies
  2 kobold zombies (Ossuary)
  An orc zombie (Ossuary)
  A quokka skeleton (D:5)
  9 rats
  A rat zombie (D:6)
310 creatures vanquished.

Vanquished Creatures (others)
  Duvessa (D:4)
  An orc (D:5)
  A goblin (D:5)
  A hobgoblin (D:5)
  2 fungi (D:9)
6 creatures vanquished.

Grand Total: 316 creatures vanquished

Notes
Turn   | Place    | Note
-------+----------+-------------------------------------------
     0 | D:1      | poirepourri the Gargoyle Fighter began the quest for the Orb.
     0 | D:1      | Reached XP level 1. HP: 14/14 MP: 1/1
    11 | D:1      | You fall through a shaft!
    37 | D:2      | Noticed Jessica
    44 | D:2      | Killed Jessica
    44 | D:2      | Reached skill level 3 in Maces & Flails
    44 | D:2      | Reached XP level 2. HP: 17/19 MP: 2/2
    44 | D:2      | Reached XP level 3. HP: 21/23 MP: 3/3
   226 | D:2      | Reached skill level 4 in Maces & Flails
   517 | D:2      | Reached XP level 4. HP: 28/28 MP: 4/4
   762 | D:2      | You fall through a shaft for 2 floors!
   818 | D:4      | Found a staircase to the Ecumenical Temple.
   846 | Temple   | Entered the Ecumenical Temple
   943 | Temple   | Became a worshipper of Cheibriados the Contemplative
  1349 | D:3      | Reached skill level 5 in Maces & Flails
  1370 | D:3      | Reached XP level 5. HP: 25/32 MP: 5/5
  2081 | D:1      | Reached * piety under Cheibriados
  3006 | D:3      | Reached ** piety under Cheibriados
  3018 | D:3      | Reached skill level 6 in Maces & Flails
  3052 | D:3      | Reached XP level 6. HP: 37/37 MP: 6/6
  3086 | D:3      | Found a faded altar of an unknown god.
  3538 | D:4      | Noticed Grinder
  3551 | D:4      | Killed Grinder
  3551 | D:4      | Reached skill level 7 in Maces & Flails
  3551 | D:4      | Reached XP level 7. HP: 33/41 MP: 7/7
  3675 | D:5      | Entered Level 5 of the Dungeon
  3827 | D:4      | Noticed Natasha
  3838 | D:4      | Killed Natasha
  3838 | D:4      | Reached skill level 1 in Dodging
  3968 | D:4      | Noticed Natasha
  3981 | D:4      | Killed Natasha
  3998 | D:4      | Noticed Duvessa
  3998 | D:4      | Noticed Dowan
  4007 | D:4      | Killed Duvessa
  4017 | D:4      | Killed Dowan
  4473 | D:5      | Reached XP level 8. HP: 44/46 MP: 8/8
  4478 | D:5      | Reached *** piety under Cheibriados
  4945 | D:5      | Reached skill level 5 in Dodging
  4957 | D:5      | Reached **** piety under Cheibriados
  4964 | D:5      | Found an iron altar of Okawaru.
  4983 | D:5      | Reached skill level 8 in Maces & Flails
  5217 | D:5      | Found a shimmering altar of Xom.
  5617 | D:6      | Found a sand-covered staircase.
  5632 | Ossuary  | Entered an ossuary
  5635 | Ossuary  | Noticed Paps's ghost (amateur DEWz)
  5639 | Ossuary  | Killed Paps's ghost
  5639 | Ossuary  | Reached skill level 9 in Maces & Flails
  5644 | Ossuary  | Reached XP level 9. HP: 51/51 MP: 9/9
  5928 | D:6      | Reached ***** piety under Cheibriados
  6045 | D:6      | Reached skill level 10 in Maces & Flails
  6868 | D:7      | Reached skill level 11 in Maces & Flails
  7036 | D:7      | Noticed Paps's ghost (novice DEWz)
  7047 | D:7      | Killed Paps's ghost
  7248 | D:7      | Noticed a deep elf mage
  7257 | D:7      | Killed a deep elf mage
  7257 | D:7      | Reached skill level 12 in Maces & Flails
  7257 | D:7      | Reached XP level 10. HP: 56/56 MP: 10/10
  7808 | D:8      | Noticed Joseph
  7839 | D:8      | Killed Joseph
  7851 | D:8      | Found a sparkling altar of Nemelex Xobeh.
  7854 | D:8      | Reached skill level 13 in Maces & Flails
  7964 | D:8      | Noticed Maurice
  7976 | D:8      | Killed Maurice
  8258 | D:9      | Noticed Agrougrou's ghost (novice DsMo)
  8276 | D:9      | Killed Agrougrou's ghost
  8351 | D:9      | Found a sparkling altar of Nemelex Xobeh.
  8362 | D:9      | Reached ****** piety under Cheibriados
  8362 | D:9      | Reached skill level 14 in Maces & Flails
  8496 | D:9      | Reached XP level 11. HP: 61/62 MP: 11/11
  8501 | D:9      | Reached skill level 5 in Fighting
  8864 | D:9      | Reached skill level 5 in Shields
  8944 | D:9      | Found a staircase to the Lair.
  9075 | D:9      | Found a staircase to the Orcish Mines.
  9284 | D:10     | Entered Level 10 of the Dungeon
  9404 | D:10     | Noticed a cyclops
  9411 | D:10     | Killed a cyclops
  9546 | D:10     | Noticed Erolcha
  9554 | D:10     | Killed Erolcha
 10173 | D:11     | Noticed Rhok's ghost (journeyman MiBe)
 10186 | D:11     | Killed Rhok's ghost
 10475 | D:11     | Noticed an ice dragon
 10475 | D:11     | Noticed a two-headed ogre
 10482 | D:11     | HP: 2/63 [ice dragon (5)]
 10486 | D:11     | Killed from afar by an ice dragon

Skill      XL: |  1  2  3  4  5  6  7  8  9 10 11 |
---------------+----------------------------------+-----
Maces & Flails | 3 4 5 6 7 9 12 14 | 14.2
Dodging        | 3 5 |  5.2
Fighting       | 4 5 |  5.1
Shields        | 9 |  9.5
Armour         | |  3.2

Action                   |  1- 3 |  4- 6 |  7- 9 | 10-12 || total
-------------------------+-------+-------+-------+-------++-------
Melee: Flail             |    43 |   280 |   439 |   391 ||  1153
Invok: Slouch            |       |       |       |     3 ||     3
  Use: Scroll            |       |    15 |    10 |     7 ||    32
       Potion            |       |     2 |     4 |     6 ||    12
 Stab: Invisible         |       |       |     4 |       ||     4
  Eat: Bread ration      |       |     1 |       |       ||     1
       Meat ration       |       |     1 |       |       ||     1
       Royal jelly       |       |       |     2 |       ||     2
       Chunk             |       |       |     3 |     5 ||     8
Armor: Scale mail        |    20 |   193 |   156 |   117 ||   486
Dodge: Dodged            |    13 |   103 |   190 |   168 ||   474
Block: Shield            |    18 |   205 |   289 |   273 ||   785
